 Dungeon Crawl Stone Soup version 0.19-a0-1111-gcceb26a (webtiles) character file.

86 mistymad the Magician (level 4, -4/24 HPs)
             Began as a Deep Elf Ice Elementalist on Aug 11, 2016.
             Slain by a gnoll
             ... wielding a +0 whip
              (10 damage)
             ... on level 2 of the Dungeon.
             The game lasted 00:04:35 (1197 turns).

mistymad the Magician (Deep Elf Ice Elementalist)   Turns: 1197, Time: 00:04:35

Health: -4/24      AC:  8    Str:  5    XL:     4   Next: 27%
Magic:  2/21       EV: 13    Int: 21    God:
Gold:   33         SH:  0    Dex: 15    Spells: 3 memorised, 5 levels left

rFire  . . .     SeeInvis .     g - +0 dagger
rCold  . . .     Gourm    .     a - +0 robe
rNeg   . . .     Faith    .     (no shield)
rPois  .         Spirit   .     (no helmet)
rElec  .         Dismiss  .     (no cloak)
rCorr  .         Reflect  .     (no gloves)
SustAt .         Harm     .     (no boots)
MR     .....                    (no amulet)
Stlth  ++........               (no ring)
                                o - ring of magical power

@: icy armour, slow
A: no striking features
a: no special abilities


You were on level 2 of the Dungeon.
You were not hungry.

You visited 1 branch of the dungeon, and saw 2 of its levels.

You collected 33 gold pieces.

Inventory:

Hand Weapons
 g - a +0 dagger (weapon)
Missiles
 e - 33 stones (quivered)
Armour
 a - a +0 robe (worn)
Jewellery
 o - a ring of magical power (left hand)
Scrolls
 d - a scroll of magic mapping {unknown}
 h - 3 scrolls of fear {unknown}
 j - a scroll of teleportation {unknown}
 l - 4 scrolls of identify {unknown}
Potions
 k - 2 potions of degeneration {unknown}
 m - a potion of haste {unknown}
 n - a potion of berserk rage {unknown}
Books
 b - a book of Frost

   Spells                             Type                      Level
   a - Freeze                         Ice                          1
   b - Throw Frost                    Conjuration/Ice              2
   c - Ozocubu's Armour               Charms/Ice                   3
   d - Throw Icicle                   Conjuration/Ice              4
   e - Summon Ice Beast               Ice/Summoning                4
Comestibles
 c - a bread ration
 f - 2 chunks of flesh
 i - 3 beef jerkies


   Skills:
 + Level 0.8 Fighting
 - Level 2.4 Dodging
 - Level 2.4 Stealth
 + Level 4.4 Spellcasting
 + Level 1.8 Conjurations
 + Level 1.3 Charms
 + Level 4.1 Ice Magic


You had 5 spell levels left.
You knew the following spells:

 Your Spells              Type           Power        Failure   Level  Hunger
a - Freeze                Ice            ###.         1%          1    None
b - Throw Frost           Conj/Ice       ###...       6%          2    #......
c - Ozocubu's Armour      Chrm/Ice       ###.....     14%         3    ##.....


Dungeon Overview and Level Annotations

Branches:
Dungeon (2/15)

Altars:


Message History

The gnoll is heavily wounded.
You now have 2/21 mp.
Casting: Throw Frost
Confirm with . or Enter, or press ? or * to list all spells.
Aiming: Throw Frost
Press: ? - help, Shift-Dir - straight line, f/p - gnoll
Aim: a gnoll, wielding a whip (heavily wounded)
The puff of frost misses the gnoll.
The gnoll hits you but does no damage.
You now have 1/21 mp.
The gnoll hits you but does no damage. The gnoll closely misses you.
Casting: Throw Frost
Confirm with . or Enter, or press ? or * to list all spells.
Aiming: Throw Frost
Press: ? - help, Shift-Dir - straight line, f/p - gnoll
Aim: a gnoll, wielding a whip (heavily wounded)
The puff of frost hits the gnoll.
The gnoll is almost dead.
The gnoll hits you with a whip!
You die...

..## ##.........# ...
...........########
..#####.........##.....#
........#.....<......<.#
.......................#
).......##....#........#
..#####.##.##.#........#
........##.##.#......<##
..#.###.......#.@###..#####
..#.###.##.####.g#........#
.....##.##.........#..###.#
#.#..##.#######..###..#
#.#..##.# #.......#
........# ##.....##
####.##### ####### #)##..
####g##.#


You could see a gnoll.

Vanquished Creatures
  3 gnolls (D:2)
  An adder (D:2)
  3 oozes
  A giant gecko (D:2)
  7 bats (D:1)
  3 giant cockroaches
  4 goblins
  4 hobgoblins (D:1)
  3 ball pythons (D:1)
  A giant newt (D:2)
  4 kobolds (D:1)
  5 rats
39 creatures vanquished.

Notes
Turn   | Place    | Note
-------+----------+-------------------------------------------
     0 | D:1      | mistymad the Deep Elf Ice Elementalist began the quest for the Orb.
     0 | D:1      | Reached XP level 1. HP: 10/10 MP: 6/6
    73 | D:1      | Reached XP level 2. HP: 12/15 MP: 0/8
   307 | D:1      | Learned a level 2 spell: Throw Frost
   558 | D:1      | Reached XP level 3. HP: 20/20 MP: 7/10
   722 | D:1      | Learned a level 3 spell: Ozocubu's Armour
  1157 | D:2      | Reached skill level 1 in Charms
  1157 | D:2      | Reached XP level 4. HP: 8/24 MP: 9/12
  1197 | D:2      | Slain by a gnoll

Vault maps used:
D:1:      elethiomel_arrival_quiet
D:2:      lemuel_round_altar, first_bread, nicolae_underground_beach

Skill      XL: |  1  2  3 |
---------------+----------+-----
Spellcasting   | 4 |  4.4
Ice Magic      | 4 |  4.1
Charms         | 1 |  1.3
Fighting       | |  0.8
Dodging        | |  2.4
Stealth        | |  2.4
Conjurations   | |  1.8

Action                   |  1- 3 |  4- 6 || total
-------------------------+-------+-------++-------
Melee: Dagger            |     4 |       ||     4
 Cast: Freeze            |    35 |       ||    35
       Throw Frost       |    25 |     7 ||    32
       Ozocubu's Armour  |       |     1 ||     1
  Eat: Chunk             |     1 |       ||     1
Armor: Robe              |    11 |     2 ||    13
Dodge: Dodged            |    26 |     2 ||    28
